 Dungeon Crawl Stone Soup version 0.31.0-9-g3a7656b989 (webtiles) character file.

Game seed: 321819722819246379

1456 Eitelfritz the Slasher (level 8, -1/68 HPs)
             Began as a Minotaur Gladiator on Feb 3, 2024.
             Succumbed to a water moccasin's poison
             ... on level 5 of the Dungeon.
             The game lasted 00:08:48 (4199 turns).

Eitelfritz the Slasher (Minotaur Gladiator)         Turns: 4199, Time: 00:08:49

Health: -1/68      AC:  4    Str: 19    XL:     8   Next: 47%
Magic:  7/7        EV: 14    Int:  7    God:
Gold:   118        SH:  0    Dex: 18    Spells: 7/7 levels left

rFire   . . .        a - +0 long sword
rCold   . . .        (no shield)
rNeg    . . .        i - +0 leather armour
rPois   .            c - +0 hat
rElec   .            n - +0 cloak
rCorr   .            (no gloves)
SInv    .            (no boots)
Will    .....        (no amulet)
Stlth   ++           o - +6 ring of dexterity
HPRegen 0.31/turn    (no ring)
MPRegen 0.10/turn

%: no passive effects
@: mighty, brilliant, lethally poisoned (-1 -> -26), hasted, very quick
A: horns 2, retaliatory headbutt
a: no special abilities


You were on level 5 of the Dungeon.
You visited 1 branch of the dungeon, and saw 5 of its levels.

You collected 118 gold pieces.

Inventory:

Hand Weapons
 a - a +0 long sword (weapon)
 b - a +0 sling
Missiles
 d - 3 throwing nets (quivered)
 e - a javelin
 f - 5 atropa-tipped darts
 h - 9 poisoned darts
Armour
 c - a +0 hat (worn)
 i - a +0 leather armour (worn)
 n - a +0 cloak (worn)
Jewellery
 m - an amulet of magic regeneration
 o - a +6 ring of dexterity (left hand)
 w - a ring of resist corrosion
Wands
 j - a wand of charming (11)
 u - a wand of polymorph (11)
Scrolls
 k - a scroll of amnesia
 p - a scroll of revelation
 r - a scroll of blinking
Potions
 g - a potion of invisibility {unknown}
 l - a potion of haste
 q - a potion of attraction {unknown}
 s - a potion of heal wounds {unknown}
 t - a potion of might
 v - a potion of brilliance
 x - a potion of resistance {unknown}


   Skills:
 + Level 5.3 Fighting
 + Level 7.9 Long Blades
 + Level 5.3 Ranged Weapons
 + Level 2.3 Throwing
 + Level 3.7 Armour
 + Level 5.2 Dodging
 + Level 1.8 Stealth
 + Level 1.2 Unarmed Combat


You had 7 spell levels left.
You didn't know any spells.
Your spell library contained the following spells:

 Spells                   Type           Power      Damage    Failure   Level
 Kiss of Death            Conj/Necr      0%         2d5       47%         1
 Confusing Touch          Hex            0%         N/A       85%         3
 Dispel Undead            Necr           0%         3d6       99%         4
 Vhi's Electric Charge    Tloc/Air       0%         N/A       99%         4
 Arcjolt                  Conj/Air       0%         1d10      100%        5
 Maxwell's Capacitive Co  Air            0%         ∞         100%        8


Dungeon Overview and Level Annotations

Branches:
Dungeon (5/15)
 Temple: D:4-7

Altars:

Shops:
D:3 [


Innate Abilities, Weirdness & Mutations

You have a pair of horns on your head.
You reflexively headbutt those who attack you in melee.


Message History

The water moccasin bites you but does no damage.
The water moccasin misses you.
You closely miss the water moccasin.
The water moccasin is severely wounded.
You feel very sick. The water moccasin closely misses you.
Unknown command.
You miss the water moccasin.
The water moccasin is severely wounded.
You feel sick. The water moccasin misses you.
The water moccasin closely misses you.
You closely miss the water moccasin.
The water moccasin is heavily wounded.
You feel sick.
The water moccasin bites you but does no damage.
You miss the water moccasin.
The water moccasin is heavily wounded.
You feel sick. The water moccasin bites you.
You miss the water moccasin.
Your headbutt misses the water moccasin.
The water moccasin is heavily wounded.
You feel sick. The water moccasin bites you.
You are more poisoned.
The water moccasin poisons you! The water moccasin bites you.
You are lethally poisoned!
The water moccasin poisons you!
You feel very mighty all of a sudden.
* * * LOW HITPOINT WARNING * * *
You feel very sick. The water moccasin bites you.
* * * LOW HITPOINT WARNING * * *
You are more poisoned.
The water moccasin poisons you!
It was a potion of haste.
You feel yourself speed up.
* * * LOW HITPOINT WARNING * * *
You feel extremely sick. The water moccasin barely misses you.
The water moccasin misses you.
It was a potion of brilliance.
You feel clever all of a sudden.
You die...

#.##........#.......#.#
#..........#####.##.#.#
#.##.##...## #......#
#....##.### ##########
#....##.# #.....#.#
#...###.######. ♣..#.#
#..####.##...#.♣♣♣.'.#
#.......##...#.S♣(.#.#
.............#..@..#.##
.........#...#######..#
.........#.....# ##.#
.#.......####### #.#
.#.#...######## #.#
..............# #.#
.#.####.#####.# #.#
.#.####.#####.# #.#
#...<......#.# #)#


You could see a water moccasin.

Vanquished Creatures
  Grinder (D:5)
  Sigmund (D:4)
  3 yaks (D:4)
  2 black bears (D:5)
  An ogre (D:5)
  A scorpion (D:4)
  A hound (D:4)
  A jelly (D:4)
  An orc priest (D:3)
  An iguana (D:5)
  Ijyb (D:3)
  An orc wizard (D:3)
  Robin (D:4)
  2 gnolls (D:1)
  5 adders
  A white imp (D:5)
  A dart slug (D:2)
  A ribbon worm (D:3)
  15 orcs
  7 ball pythons
  5 bats
  12 endoplasms
  2 giant cockroaches
  12 goblins
  10 hobgoblins
  2 jackals (D:2)
  2 quokkas (D:3)
  2 frilled lizards (D:1)
  7 kobolds
  3 rats
105 creatures vanquished.

Notes
Turn   | Place    | Note
-------+----------+-------------------------------------------
     0 | D:1      | Eitelfritz the Minotaur Gladiator began the quest for the
                  | Orb.
     0 | D:1      | Reached XP level 1. HP: 18/18 MP: 0/0
    94 | D:1      | Reached XP level 2. HP: 12/25 MP: 1/1
   169 | D:1      | Reached skill level 4 in Long Blades
   228 | D:1      | Reached XP level 3. HP: 27/30 MP: 2/2
   833 | D:1      | Found a faded altar of an unknown god.
  1158 | D:2      | Reached skill level 1 in Armour
  1165 | D:2      | Reached XP level 4. HP: 34/38 MP: 3/3
  1581 | D:2      | Identified the +11 whip "Jellybane" {drain, rF+}
  1641 | D:3      | Reached skill level 1 in Ranged Weapons
  1743 | D:3      | Found Hucegi's Armour Boutique.
  1953 | D:3      | Noticed Ijyb
  1979 | D:3      | Killed Ijyb
  1980 | D:3      | Reached XP level 5. HP: 38/45 MP: 4/4
  2019 | D:3      | Reached skill level 5 in Long Blades
  2418 | D:4      | Noticed Sigmund
  2464 | D:4      | Noticed a yak
  2464 | D:4      | Noticed a yak
  2467 | D:4      | Noticed a yak
  2478 | D:4      | Killed a yak
  2479 | D:4      | Reached XP level 6. HP: 28/52 MP: 5/5
  2481 | D:4      | Killed a yak
  2484 | D:4      | Killed a yak
  2485 | D:4      | Reached skill level 6 in Long Blades
  2485 | D:4      | Reached skill level 1 in Unarmed Combat
  2485 | D:4      | Reached XP level 7. HP: 31/60 MP: 6/6
  3161 | D:4      | Killed Sigmund
  3249 | D:4      | Noticed Robin
  3268 | D:4      | Killed Robin
  3269 | D:4      | Reached skill level 7 in Long Blades
  3545 | D:5      | Entered Level 5 of the Dungeon
  3699 | D:5      | Noticed Grinder
  3703 | D:5      | Paralysed by Grinder for 4 turns
  3709 | D:5      | Paralysed by Grinder for 4 turns
  3714 | D:5      | Killed Grinder
  3715 | D:5      | Reached skill level 5 in Fighting
  3715 | D:5      | Reached skill level 5 in Dodging
  3715 | D:5      | Reached skill level 1 in Stealth
  3715 | D:5      | Reached XP level 8. HP: 44/68 MP: 7/7
  3900 | D:5      | Reached skill level 5 in Ranged Weapons
  4198 | D:5      | HP: 3/68 [poisoned by a water moccasin]
  4199 | D:5      | Succumbed to a water moccasin's poison

Illustrated notes

Levels and vault maps discovered:
D:1:      nagdon_arrival_double_spiral, layout_basic,
          chequers_ecumenical_altar_lobes, minivault_23
D:2:      layout_basic
D:3:      layout_rooms, serial_shops, shop,
          nicolae_concentric_dashed_squares_wild, uniq_ijyb
D:4:      layout_loops_corners, nicolae_titane, uniq_sigmund, uniq_robin
D:5:      layout_loops_cross, supply_closet_lemuel, kennysheep_generic_room_13,
          uniq_grinder

Skill      XL: |  1  2  3  4  5  6  7  8 |
---------------+-------------------------+-----
Long Blades    | 4 5 6 7 |  7.9
Fighting       | 3 4 5 |  5.3
Armour         | 1 2 3 |  3.7
Dodging        | 4 5 |  5.2
Ranged Weapons | 2 3 4 5 |  5.3
Unarmed Combat | 1 |  1.2
Stealth        | 1 |  1.8
Throwing       | |  2.3

Action                     |  1- 3 |  4- 6 |  7- 9 || total
---------------------------+-------+-------+-------++-------
  Melee: Long sword        |    45 |    60 |    74 ||   179
         Headbutt          |     6 |    11 |    16 ||    33
         Unarmed           |       |    10 |       ||    10
         Punch             |       |       |     1 ||     1
   Fire: Sling             |       |    54 |    38 ||    92
    Use: Scroll            |       |     7 |       ||     7
         Potion            |       |     1 |     3 ||     4
   Stab: Sleeping          |       |       |     3 ||     3
 Armour: Leather armour    |    23 |    32 |    50 ||   105
         Skin              |       |     4 |       ||     4
  Dodge: Dodged            |    40 |    51 |    48 ||   139
